General information
- name: BNet
- type: Ladder team game (AT/RT)
- host: Battle.net
- saver: KeKeZergRush
map: SunrockCove
- players: 6
- length: 76:20
- speed: Fast
- version: 1.21 W3XP
- replay type: Public
» download(289 KB)
Players
team 1 (winner)
KeKeZergRush (
blue | 68 APM | 5154 actions | 76:20)
10 Mountain King
3 Storm Bolt
3 Bash
1 Avatar
3 Thunder Clap
9 Paladin
3 Holy Light
3 Divine Shield
1 Resurrection
2 Devotion Aura
» actions
| Assign group hotkey | 40 | |
| Basic commands | 26 | |
| Build / train | 143 | |
| ESC pressed | 1 | |
| Enter build submenu | 121 | |
| Enter hero's abilities submenu | 19 | |
| Give item / drop item | 2 | |
| Right click | 2053 | |
| Select / deselect | 983 | |
| Select group hotkey | 1456 | |
| Use ability | 310 | |
5154 total
» units
| Peasant | 31 | |
| Footman | 6 | |
| Knight | 6 | |
| Dragonhawk Rider | 18 | |
| Goblin Shredder | 3 | |
| Goblin Zeppelin | 1 | |
| Gryphon Rider | 1 | |
66 total
» upgrades
| Defend | 1 | |
| Animal War Training | 1 | |
| Swords | 3 | |
| Lumber Harvesting | 1 | |
| Masonry | 1 | |
| Cloud | 1 | |
| Armor | 3 | |
| Storm Hammers | 1 | |
12 total
» buildings
| Altar of Kings | 3 | |
| Barracks | 3 | |
| Farm | 22 | |
| Scout Tower | 67 | |
| Arcane Tower | 1 | |
| Keep | 2 | |
| Lumber Mill | 2 | |
| Arcane Vault | 2 | |
| Castle | 2 | |
| Blacksmith | 2 | |
| Gryphon Aviary | 5 | |
| Town Hall | 3 | |
| Guard Tower | 32 | |
146 total
» build order
00:06 Altar of Kings
00:11 Barracks
00:19 Barracks
00:27 Farm
01:33 Barracks
01:40 Farm
01:46 Farm
01:53 Scout Tower
02:25 Arcane Tower
04:03 Keep
04:57 Lumber Mill
05:49 Farm
05:51 Farm
05:54 Arcane Vault
06:00 Farm
06:29 Castle
07:10 Farm
07:15 Blacksmith
12:02 Farm
12:03 Farm
13:22 Gryphon Aviary
13:24 Gryphon Aviary
13:31 Gryphon Aviary
15:02 Town Hall
15:43 Farm
15:47 Farm
15:50 Farm
21:35 Altar of Kings
23:15 Town Hall
26:26 Town Hall
27:50 Farm
28:18 Lumber Mill
28:53 Farm
29:07 Farm
29:47 Scout Tower
29:50 Scout Tower
29:53 Scout Tower
30:31 Guard Tower
30:40 Scout Tower
30:43 Scout Tower
30:46 Scout Tower
31:00 Scout Tower
31:02 Scout Tower
31:08 Guard Tower
31:12 Scout Tower
31:15 Scout Tower
31:18 Guard Tower
31:21 Scout Tower
31:23 Scout Tower
31:37 Guard Tower
31:39 Guard Tower
31:45 Guard Tower
31:47 Scout Tower
31:49 Scout Tower
31:54 Altar of Kings
32:10 Scout Tower
32:13 Guard Tower
32:14 Guard Tower
32:17 Scout Tower
32:19 Guard Tower
32:23 Scout Tower
32:40 Guard Tower
32:43 Scout Tower
32:47 Scout Tower
32:55 Guard Tower
32:59 Scout Tower
33:12 Scout Tower
33:14 Scout Tower
33:17 Scout Tower
33:24 Arcane Vault
33:38 Guard Tower
33:55 Guard Tower
35:21 Scout Tower
35:33 Scout Tower
35:35 Scout Tower
35:44 Scout Tower
35:45 Scout Tower
36:08 Scout Tower
36:10 Scout Tower
36:13 Guard Tower
36:25 Guard Tower
36:31 Scout Tower
36:36 Guard Tower
36:38 Scout Tower
36:43 Guard Tower
36:46 Scout Tower
36:50 Scout Tower
36:53 Scout Tower
37:08 Guard Tower
37:11 Scout Tower
37:52 Guard Tower
37:57 Scout Tower
37:59 Scout Tower
38:02 Scout Tower
38:13 Scout Tower
38:16 Scout Tower
38:59 Scout Tower
39:03 Guard Tower
39:04 Scout Tower
39:07 Guard Tower
39:11 Scout Tower
39:29 Keep
39:36 Scout Tower
39:39 Scout Tower
39:43 Scout Tower
39:48 Scout Tower
39:49 Guard Tower
39:54 Scout Tower
39:57 Guard Tower
40:01 Scout Tower
40:33 Guard Tower
40:39 Scout Tower
40:41 Guard Tower
40:44 Scout Tower
41:10 Scout Tower
41:11 Scout Tower
41:14 Scout Tower
41:44 Guard Tower
42:17 Gryphon Aviary
43:33 Gryphon Aviary
43:37 Scout Tower
43:41 Scout Tower
43:54 Scout Tower
44:18 Guard Tower
46:05 Farm
46:44 Farm
46:45 Farm
48:36 Guard Tower
48:43 Farm
48:44 Farm
48:57 Farm
49:20 Guard Tower
49:45 Blacksmith
50:08 Castle
51:43 Farm
52:59 Scout Tower
53:27 Guard Tower
53:30 Scout Tower
55:06 Guard Tower
62:10 Scout Tower
62:12 Scout Tower
62:14 Scout Tower
62:16 Scout Tower
64:33 Guard Tower
68:07 Scout Tower
68:13 Scout Tower
» items
| Boots of Speed | 1 | |
| Scroll of Town Portal | 2 | |
| Scroll of Regeneration | 1 | |
| Lesser Clarity Potion | 2 | |
| Orb of Fire | 1 | |
7 total
Ponei_of_hell (
red | 25 APM | 570 actions | 23:10)
2 Naga Sea Witch
1 Forked Lightning
1 Frost Arrows
» actions
| Assign group hotkey | 4 | |
| Build / train | 46 | |
| Enter build submenu | 17 | |
| Enter hero's abilities submenu | 2 | |
| Right click | 261 | |
| Select / deselect | 203 | |
| Select group hotkey | 6 | |
| Use ability | 31 | |
570 total
» units
| Wisp | 11 | |
| Archer | 7 | |
| Huntress | 9 | |
| Hippogryph | 5 | |
| Chimaera | 6 | |
38 total
» upgrades
| Strength of the Wild | 2 | |
| Corrosive Breath | 1 | |
3 total
» buildings
| Altar of Elders | 1 | |
| Moon Well | 6 | |
| Ancient of War | 1 | |
| Hunter's Hall | 1 | |
| Ancient Protector | 2 | |
| Tree of Ages | 1 | |
| Tree of Eternity | 1 | |
| Ancient of Wind | 1 | |
| Chimaera Roost | 2 | |
16 total
» build order
00:12 Altar of Elders
00:18 Moon Well
00:26 Ancient of War
01:54 Moon Well
03:30 Hunter's Hall
03:51 Moon Well
04:58 Moon Well
05:16 Ancient Protector
06:06 Ancient Protector
07:28 Tree of Ages
08:15 Moon Well
09:53 Tree of Eternity
09:56 Ancient of Wind
10:52 Moon Well
12:20 Chimaera Roost
12:34 Chimaera Roost
jif4fun (
purple | 52 APM | 1213 actions | 23:06)
5 Tauren Chieftain
2 War Stomp
3 Endurance Aura
» actions
| Assign group hotkey | 21 | |
| Build / train | 40 | |
| Enter build submenu | 13 | |
| Enter hero's abilities submenu | 5 | |
| Right click | 503 | |
| Select / deselect | 208 | |
| Select group hotkey | 396 | |
| Use ability | 27 | |
1213 total
» units
» upgrades
| Ranged Weapons | 1 | |
| Armor | 2 | |
| Envenomed Spears | 1 | |
4 total
» buildings
| Barracks | 2 | |
| Altar of Storms | 1 | |
| Orc Burrow | 7 | |
| Stronghold | 1 | |
| Beastiary | 2 | |
| War Mill | 1 | |
| Fortress | 1 | |
15 total
» build order
00:23 Barracks
00:29 Altar of Storms
00:34 Orc Burrow
00:58 Barracks
02:12 Orc Burrow
03:28 Stronghold
04:09 Orc Burrow
06:09 Beastiary
06:18 Beastiary
06:47 War Mill
07:14 Orc Burrow
08:18 Orc Burrow
14:14 Orc Burrow
14:57 Fortress
15:13 Orc Burrow
team 2 (loser)
Chicon (
green | 20 APM | 1477 actions | 72:11)
3 Demon Hunter
2 Mana Burn
1 Immolation
» actions
| Basic commands | 10 | |
| Build / train | 94 | |
| ESC pressed | 1 | |
| Enter build submenu | 37 | |
| Enter hero's abilities submenu | 3 | |
| Remove unit from queue | 3 | |
| Right click | 585 | |
| Select / deselect | 692 | |
| Use ability | 52 | |
1477 total
» units
| Wisp | 14 | |
| Archer | 29 | |
| Huntress | 4 | |
| Hippogryph | 14 | |
| Troll Batrider | 11 | |
| Wind Rider | 4 | |
76 total
» upgrades
| Moon Armor | 2 | |
| Strength of the Moon | 1 | |
| Hippogryph Taming | 1 | |
| Improved Bows | 1 | |
| Marksmanship | 1 | |
| Well Spring | 1 | |
| Liquid Fire | 1 | |
| Ranged Weapons | 1 | |
9 total
» buildings
| Moon Well | 7 | |
| Altar of Elders | 1 | |
| Ancient of War | 2 | |
| Tree of Ages | 1 | |
| Hunter's Hall | 1 | |
| Ancient Protector | 2 | |
| Ancient of Wind | 1 | |
| Tree of Eternity | 1 | |
| Tree of Life | 1 | |
| Great Hall | 3 | |
| Orc Burrow | 1 | |
| Beastiary | 3 | |
24 total
» build order
00:28 Moon Well
00:36 Altar of Elders
01:01 Ancient of War
02:15 Moon Well
03:43 Tree of Ages
04:08 Hunter's Hall
06:34 Ancient Protector
07:10 Ancient Protector
07:39 Ancient of Wind
07:46 Moon Well
09:31 Moon Well
10:15 Tree of Eternity
11:57 Moon Well
12:58 Moon Well
13:57 Moon Well
21:33 Tree of Life
22:40 Ancient of War
48:03 Great Hall
48:21 Great Hall
50:46 Orc Burrow
52:16 Great Hall
53:36 Beastiary
53:40 Beastiary
53:50 Beastiary
XxExtasisxX (
yellow | 50 APM | 3817 actions | 76:17)
10 Demon Hunter
3 Mana Burn
3 Evasion
1 Metamorphosis
3 Immolation
4 Keeper of the Grove
2 Entangling Roots
2 Thorns Aura
» actions
| Assign group hotkey | 102 | |
| Basic commands | 81 | |
| Build / train | 165 | |
| ESC pressed | 13 | |
| Enter build submenu | 48 | |
| Enter hero's abilities submenu | 14 | |
| Give item / drop item | 5 | |
| Right click | 1770 | |
| Select / deselect | 824 | |
| Select group hotkey | 599 | |
| Use ability | 196 | |
3817 total
» units
| Wisp | 43 | |
| Archer | 12 | |
| Dryad | 11 | |
| Goblin Zeppelin | 4 | |
| Chimaera | 32 | |
| Goblin Sapper | 4 | |
| Troll Batrider | 4 | |
| Peon | 1 | |
| Wind Rider | 5 | |
| Hippogryph | 3 | |
119 total
» upgrades
| Ultravision | 1 | |
| Improved Bows | 1 | |
| Strength of the Wild | 3 | |
| Abolish Magic | 1 | |
| Strength of the Moon | 1 | |
| Moon Armor | 1 | |
| Reinforced Hides | 3 | |
| Nature's Blessing | 1 | |
| Well Spring | 1 | |
| Corrosive Breath | 1 | |
| Ranged Weapons | 1 | |
15 total
» buildings
| Altar of Elders | 2 | |
| Moon Well | 9 | |
| Ancient of War | 2 | |
| Hunter's Hall | 1 | |
| Tree of Ages | 2 | |
| Ancient Protector | 13 | |
| Ancient of Lore | 3 | |
| Tree of Life | 6 | |
| Tree of Eternity | 2 | |
| Ancient of Wind | 1 | |
| Chimaera Roost | 5 | |
| War Mill | 1 | |
| Stronghold | 1 | |
| Orc Burrow | 1 | |
| Fortress | 1 | |
| Beastiary | 3 | |
53 total
» build order
00:06 Altar of Elders
00:19 Moon Well
00:27 Ancient of War
01:31 Moon Well
02:34 Ancient of War
03:34 Moon Well
04:38 Hunter's Hall
06:07 Tree of Ages
06:09 Ancient Protector
08:41 Moon Well
08:42 Moon Well
08:52 Ancient of Lore
09:29 Ancient Protector
09:40 Moon Well
09:50 Ancient of Lore
09:55 Ancient of Lore
10:54 Ancient Protector
13:10 Ancient Protector
14:17 Tree of Life
15:00 Tree of Eternity
20:48 Tree of Ages
22:28 Tree of Life
22:59 Ancient Protector
23:03 Moon Well
23:04 Moon Well
23:05 Moon Well
24:44 Tree of Eternity
26:09 Ancient Protector
32:00 Ancient of Wind
34:43 Chimaera Roost
34:44 Chimaera Roost
34:47 Chimaera Roost
34:57 Chimaera Roost
35:27 Altar of Elders
41:28 Tree of Life
41:31 Tree of Life
41:34 Ancient Protector
41:39 Ancient Protector
41:43 Tree of Life
49:05 War Mill
49:08 Stronghold
50:25 Orc Burrow
51:55 Fortress
52:02 Beastiary
52:03 Beastiary
52:05 Beastiary
56:54 Ancient Protector
56:57 Ancient Protector
57:00 Ancient Protector
57:03 Ancient Protector
57:05 Ancient Protector
57:34 Chimaera Roost
66:58 Tree of Life
» items
| Boots of Speed | 2 | |
| Scroll of Healing | 1 | |
| Periapt of Vitality | 1 | |
| Circlet of Nobility | 1 | |
| Staff of Teleportation | 2 | |
| Potion of Lesser Invulnerability | 1 | |
8 total

»
Choz0 (
orange | 35 APM | 1678 actions | 47:25)
7 Shadow Hunter
3 Serpent Ward
3 Healing Wave
1 Big Bad Voodoo
» actions
| Basic commands | 46 | |
| Build / train | 62 | |
| Enter build submenu | 17 | |
| Enter hero's abilities submenu | 8 | |
| Give item / drop item | 1 | |
| Remove unit from queue | 2 | |
| Right click | 867 | |
| Select / deselect | 606 | |
| Use ability | 65 | |
1678 total
» units
| Peon | 7 | |
| Grunt | 15 | |
| Demolisher | 4 | |
| Troll Witch Doctor | 6 | |
| Troll Headhunter/Berserker | 5 | |
| Goblin Zeppelin | 1 | |
38 total
» upgrades
| Berserker Strength | 1 | |
| Melee Weapons | 3 | |
| Witch Doctor Training | 2 | |
| Berserker Upgrade | 1 | |
| Troll Regeneration | 1 | |
| Burning Oil | 1 | |
| Pillage | 1 | |
| Ranged Weapons | 1 | |
| Armor | 1 | |
12 total
» buildings
| Altar of Storms | 1 | |
| Orc Burrow | 7 | |
| Barracks | 2 | |
| Stronghold | 1 | |
| Voodoo Lounge | 1 | |
| War Mill | 1 | |
| Fortress | 1 | |
| Spirit Lodge | 1 | |
| Great Hall | 1 | |
16 total
» build order
00:08 Altar of Storms
00:29 Orc Burrow
01:13 Barracks
01:44 Orc Burrow
02:45 Stronghold
02:54 Voodoo Lounge
04:07 Orc Burrow
06:29 Barracks
06:36 War Mill
07:50 Orc Burrow
07:55 Fortress
08:00 Spirit Lodge
09:06 Orc Burrow
12:45 Orc Burrow
15:18 Orc Burrow
18:54 Great Hall
Chat log
(00:14 / Allies) KeKeZergRush: hey guys
(00:16 / Allies) KeKeZergRush: foots to knights here
(00:35 / Allies) KeKeZergRush: rush?
(00:46 / Allies) jif4fun: hi. u wanna rush?
(00:50 / Allies) KeKeZergRush: small map
(01:06 / Allies) jif4fun: yep
(02:51 / Allies) KeKeZergRush: you okay
(03:03 / Allies) KeKeZergRush: detonate
(03:40 / Allies) KeKeZergRush: you 2 go there
(03:43 / Allies) KeKeZergRush: i go here
(04:50 / Allies) jif4fun: out
(06:28 / Allies) jif4fun: help blue
(07:17 / Allies) Ponei_of_hell: tks purp
(07:37 / Allies) jif4fun: going air
(07:45 / Allies) KeKeZergRush: they got madd archers
(07:47 / Allies) KeKeZergRush: sure about that
(07:47 / Allies) Ponei_of_hell: getting chims
(09:02 / Allies) Ponei_of_hell: damm green are having chims
(10:42 / Allies) Ponei_of_hell: blue!!!!
(11:42 / Allies) KeKeZergRush: b
(11:42 / Allies) Ponei_of_hell: kill the pults
(16:55 / Allies) KeKeZergRush: give me gold for tp
(16:58 / Allies) KeKeZergRush: like 100
(17:07 / Allies) KeKeZergRush: ty
(18:33 / Allies) jif4fun: heal my hero blue?
(19:01 / Allies) KeKeZergRush: nah purp tp to you
(20:25 / All) Choz0: gg
(20:27 / All) Choz0: mass archers
(20:30 / All) Choz0: and green is new
(22:03 / All) Chicon: WTS Orange teammate
(22:10 / All) Choz0: you can leave
(22:12 / All) Choz0: you lost
(22:25 / All) Choz0: other team you lost
(22:29 / All) Choz0: quit wasting my time
(22:42 / All) Choz0: amss knights isnt going to win you the game
(23:59 / All) Chicon: Good game everyone
(24:57 / All) Chicon: Haha
(25:06 / All) Chicon: You just killed them
(25:38 / All) Choz0: blue
(25:40 / All) Choz0: you suck
(25:41 / All) Choz0: quit
(28:02 / All) Choz0: blue
(28:08 / All) Choz0: quit being a fucking nigger
(29:12 / All) Choz0: love how i gotta waste fucking 30 more mins
(29:14 / All) Choz0: bc this dipshit
(29:16 / All) Choz0: wont leave
(29:20 / All) Choz0: and hes going to lose anyways
(36:37 / All) Chicon: Nice work beefing up that island blue, you might win this one by attrition
(36:46 / All) Choz0: blue wont win
(37:12 / All) Chicon: Well lets see you beat him
(37:16 / All) Chicon: Go ahead, Ill be watching
(39:00 / All) Chicon: Wow...way to puss out there
(39:04 / All) Choz0: green
(39:07 / All) Choz0: you have nothing
(39:12 / All) Choz0: hush
(39:15 / All) Chicon: because of who?
(39:41 / All) Chicon: Ohoho, you suck Orange, asking for gold!
(40:59 / All) Chicon: Looks like we actually lose...Nice work blue
(41:38 / All) Chicon: May have spoke too soon...
(41:43 / All) Choz0: blue is a noob
(41:45 / All) Choz0: seriously
(41:48 / All) Choz0: way to drag a game
(41:52 / All) Choz0: on for a fucking win
(43:04 / All) Chicon: Haha!
(43:07 / All) Chicon: Awesome blue!!
(43:09 / All) Chicon: Awesome
(43:25 / All) Choz0: Yellow is retarded
(43:45 / All) Chicon: You destroyed your own teammates base, and we're retarded?
(43:53 / All) Choz0: you suck
(43:55 / All) Choz0: and did nothing
(43:59 / All) Choz0: doesnt count
(44:09 / All) Chicon: Whatever, this is a war of attrition now
(44:24 / All) Chicon: Cause you suck?
(44:28 / All) Chicon: You didnt manage anything
(44:49 / All) Chicon: Seriously orange, l2play
(45:25 / All) Chicon: Yea, ill just be watching some tele, whatever happens...happens
(47:32 / All) Chicon: FINALLY!
(47:35 / All) Chicon: Oh thank you Blue
(47:42 / All) Chicon: Thank you....that guy was SO anoying
(48:27 / All) Chicon: yea?
(69:29 / All) Chicon: Blue...
(69:32 / All) Chicon: You win...Im out
(69:48 / All) KeKeZergRush: fun playing with you
(70:07 / All) Chicon: You really utilized your factions units
(70:15 / All) KeKeZergRush: last ditch effort
(70:24 / All) KeKeZergRush: teammates werent that bad
(70:25 / All) Chicon: Orange actually destroyed my base
(70:35 / All) Chicon: Oh we had the WORST player
(70:37 / All) KeKeZergRush: just didnt take advantage
(70:41 / All) KeKeZergRush: bsers are the worst
(70:47 / All) Chicon: Yea...
(70:55 / All) Chicon: He was just some pissy kid
(71:07 / All) KeKeZergRush: he was just trying to rage against the machine
(71:16 / All) Chicon: Haha!!
(71:28 / All) KeKeZergRush: hit me up sometime green
(71:30 / All) KeKeZergRush: if you wanna at
(71:55 / All) Chicon: Later
(72:07 / All) KeKeZergRush: peace
(72:19 / All) XxExtasisxX: good game blue
(72:24 / All) KeKeZergRush: gg son
(72:31 / All) KeKeZergRush: same to you if you ever want to at
(72:34 / All) KeKeZergRush: hit me up
(72:47 / All) XxExtasisxX: 1 sec
(72:58 / All) KeKeZergRush: just to let you know
(73:02 / All) KeKeZergRush: i could have dragged this longer
(73:05 / All) KeKeZergRush: 10 k in bank
(76:03 / All) XxExtasisxX: mmm
(76:05 / All) XxExtasisxX: good
(76:07 / All) XxExtasisxX: XD
(76:09 / All) XxExtasisxX: heh
(76:13 / All) XxExtasisxX: you win